 Dungeon Crawl Stone Soup version 0.30-a0-310-g7d6cbdfea6 (webtiles) character file.

Game seed: 13429916947572130709

5292 lunkers the Thaumaturge (level 11, -1/91 HPs)
             Began as a Meteoran Earth Elementalist on Oct 24, 2022.
             Was an Initiate of Gozag.
             Slain by a hornet (2 damage)
             ... in a Gauntlet.
             The game lasted 00:08:38 (3682 turns).

lunkers the Thaumaturge (MeEE)                      Turns: 3682, Time: 00:08:39

Health: -1/91      AC:  6    Str: 10    XL:     11   Next: 16%
Magic:  22/27      EV: 16    Int: 22    God:    Gozag
Gold:   751        SH:  4    Dex: 20    Spells: 16/32 levels left

rFire   + . .      SeeInvis .    y - +5 dagger
rCold   . . .      Faith    .    F - +0 buckler
rNeg    . . .      Spirit   .    z - +1 leather armour {rPois}
rPois   +          Reflect  .    (no helmet)
rElec   .          Harm     .    D - +0 cloak
rCorr   .          Rampage  .    (no gloves)
Will    +....      NoTele   +    H - +0 pair of boots
Stlth   +.........               (no amulet)
HPRegen 0.35/turn                l - ring of protection from fire
MPRegen 0.20/turn                C - +6 ring of dexterity

@: glowing
A: sense surroundings 2, otherworldly, glowing, explore regen
a: Renounce Religion, Potion Petition, Call Merchant, Bribe Branch


You were in a Gauntlet.
You worshipped Gozag.
Gozag was pleased with you.
You visited 3 branches of the dungeon, and saw 10 of its levels.
You also visited: Gauntlet.

You collected 849 gold pieces.
You paid 98 gold pieces to Gozag.

Inventory:

Hand Weapons
 t - a +0 whip of venom
 y - a +5 dagger (weapon)
Missiles
 e - 3 atropa-tipped darts
Armour
 v - a +2 robe
 z - a +1 leather armour of poison resistance (worn)
 D - a +0 cloak (worn)
 F - a +0 buckler (worn)
 H - a +0 pair of boots (worn)
Magical Staves
 c - a staff of poison
 n - a staff of cold
Jewellery
 k - a ring of ice
 l - a ring of protection from fire (left hand)
 x - an amulet of guardian spirit
 C - a +6 ring of dexterity (right hand)
Wands
 s - a wand of roots (22)
Scrolls
 h - 2 scrolls of teleportation
 m - 2 scrolls of amnesia
 G - a scroll of enchant weapon
Potions
 b - a potion of magic
 f - 5 potions of mutation
 g - 2 potions of curing {unknown}
 i - a potion of haste {unknown}
 j - a potion of flight {unknown}
 o - a potion of lignification {unknown}
 p - 4 potions of attraction {unknown}
 q - 3 potions of resistance {unknown}
 r - a potion of berserk rage {unknown}
 u - 2 potions of invisibility {unknown}
 A - 2 potions of might {unknown}
 B - a potion of brilliance {unknown}
Miscellaneous
 d - a tin of tremorstones (2/2)


   Skills:
 + Level 6.6 Fighting
 + Level 7.8 Dodging
 - Level 1.4 Stealth
 + Level 11.3 Spellcasting
 - Level 6.0 Conjurations
 - Level 1.2 Transmutations
 - Level 9.4 Earth Magic


You had 16 spell levels left.
You knew the following spells:

 Your Spells              Type           Power      Damage    Failure   Level
a - Sandblast             Erth           100%       2d20      1%          1
b - Passwall              Tmut/Erth      29%        N/A       1%          2
c - Stone Arrow           Conj/Erth      92%        3d12      1%          3
d - Petrify               Tmut/Erth      35%        N/A       11%         4
e - Iron Shot             Conj/Erth      23%        9d5       54%         6

Your spell library contained the following spells:

 Spells                   Type           Power      Damage    Failure   Level
 Shock                    Conj/Air       100%       1d9       2%          1
 Animate Armour           Summ/Erth      66%        N/A       14%         4
 Ozocubu's Armour         Ice            12%        N/A       28%         3
 Swiftness                Air            12%        N/A       28%         3
 Airstrike                Air            6%         2d(1-17)  67%         4
 Blade Hands              Tmut           8%         N/A       86%         5
 Ozocubu's Refrigeration  Ice            6%         4d8       100%        7


Dungeon Overview and Level Annotations

Branches:
Dungeon (8/15) Zot: 1835   Temple (1/1) D:5 Zot: 111    Lair (1/5) D:8 Zot: 294
Gauntlet (1/1) Zot: 555

Altars:
Ashenzari
Cheibriados
Dithmenos
Elyvilon
Fedhas
Gozag
Hepliaklqana
Kikubaaqudgha
Makhleb
Nemelex Xobeh
Okawaru
Qazlal
Ru
Trog
Uskayaw
Vehumet
Wu Jian
Xom
Yredelemnul
Zin
The Shining One

Shops:
D:2 *

Annotations:
D:8 1 runed translucent door, lunkers's ghost, novice MeAE Gauntlet 2 transporters


Innate Abilities, Weirdness & Mutations

You passively map the area around you.
You are easily found by Zot.
You glow in the dark.
You regain HP and MP as you explore.


Message History

The hornet stings you but does no damage.
The hornet barely misses you. The hornet stings you!
* * * LOW HITPOINT WARNING * * *
The hornet completely misses you.
Unknown command.
Aiming: Sandblast (safe; 1% risk of failure)
Press: ? - help, Q - select action, (/) - cycle Shift-Dir - straight line, f/p - hornet
Aim: a hornet (heavily wounded, 78% to hit)
The blast of sand hits the hornet!
The hornet is severely wounded.
You feel sick. The hornet stings you!
* * * LOW HITPOINT WARNING * * *
You feel yourself slow down.
The hornet is distracted by your dazzling golden aura.
Unknown command.
Aiming: Sandblast (safe; 1% risk of failure)
Press: ? - help, Q - select action, (/) - cycle Shift-Dir - straight line, f/p - hornet
Aim: a hornet (severely wounded, unaware, hasn't noticed you, 78% to hit)
The blast of sand hits the hornet!
The hornet is almost dead.
The hornet is no longer distracted by gold.
The hornet buzzes angrily.
You feel sick.
You are no longer poisoned.
The hornet stings you!
* * * LOW HITPOINT WARNING * * *
The hornet stings you!
* * * LOW HITPOINT WARNING * * *
The hornet closely misses you.
Aiming: Sandblast (safe; 1% risk of failure)
Press: ? - help, Q - select action, (/) - cycle Shift-Dir - straight line, f/p - hornet
Aim: a hornet (almost dead, 78% to hit)
The blast of sand hits the hornet but does no damage.
The hornet is almost dead.
You feel yourself speed up.
The jelly changes into a killer bee!
The hornet stings you!
* * * LOW HITPOINT WARNING * * *
The hornet stings you.
You die...
Your body crumbles into a pile of gold.

###.. * *8 ,
#≈≈..♣.P.#.#... ,
#≈..P.P..#.#yh8 8
####..♣.P.♣.#.#### *
#≈≈.........#.#...,
#≈..#########.#... *
, ##...#.......#.#..P
,
##≈.∩.#.##.##.#.#.#≈
* , ,
##≈≈...##..#$@##.#.≈≈
#≈≈≈♣.©#.##©##y#©#.#≈
* ,
##≈≈...##..#..##.#.≈≈
##≈.∩.#.##.##=#.#.#≈
~ ,
##...#......$#.#.P.
,,, *
#≈..#########.#..P
#≈≈.........#.#...,,
* ,
####..♣PP.♣.#.#### *
*, #≈.....P.#.#.. ,,


You could see a hog shaped shifter, a hornet and a killer bee shaped shifter.

Vanquished Creatures
  2 cane toads (Lair:1)
  A rime drake (Lair:1)
  A komodo dragon (Lair:1)
  3 hornets
  Grinder (D:6)
  A wyvern (Lair:1)
  Sigmund (D:3)
  10 yaks (Lair:1)
  2 basilisks (Lair:1)
  Menkaure (D:5)
  An orc warrior (D:7)
  An ogre (D:7)
  A centaur (D:7)
  A necrophage (D:5)
  5 bullfrogs
  A scorpion (D:7)
  3 killer bees (D:8)
  A crimson imp (D:5)
  A hound (D:4)
  4 orc priests
  An iguana (D:5)
  2 orc wizards
  Natasha (thrice) (D:2)
  5 adders
  A shadow imp (D:5)
  3 worms
  3 dart slugs
  14 orcs
  7 ball pythons
  2 endoplasms
  A giant cockroach (D:2)
  5 goblins
  5 hobgoblins
  10 jackals
  5 kobolds
  A quokka (D:2)
  7 bats
  2 frilled lizards
  9 rats
128 creatures vanquished.

Notes
Turn   | Place    | Note
-------+----------+-------------------------------------------
     0 | D:1      | lunkers the Meteoran Earth Elementalist began the quest for
                  | the Orb.
     0 | D:1      | Reached XP level 1. HP: 14/14 MP: 5/5
    35 | D:1      | Reached XP level 2. HP: 18/20 MP: 1/6
    45 | D:1      | Reached skill level 3 in Spellcasting
   219 | D:1      | Reached XP level 3. HP: 26/26 MP: 5/8
   275 | D:2      | Found Etaas's Assorted Antiques.
   362 | D:2      | Reached XP level 4. HP: 33/33 MP: 8/10
   374 | D:2      | Found a white marble altar of Elyvilon.
   386 | D:2      | Noticed Natasha
   389 | D:2      | Killed Natasha
   390 | D:2      | Reached skill level 5 in Earth Magic
   441 | D:2      | Noticed Natasha
   444 | D:2      | Killed Natasha
   445 | D:2      | Reached skill level 4 in Spellcasting
   445 | D:2      | Reached XP level 5. HP: 38/38 MP: 9/12
   477 | D:2      | Noticed Natasha
   479 | D:2      | Killed Natasha
   696 | D:3      | Reached XP level 6. HP: 45/45 MP: 10/13
   824 | D:3      | Noticed Sigmund
   832 | D:3      | Killed Sigmund
   833 | D:3      | Reached skill level 5 in Spellcasting
   833 | D:3      | Reached XP level 7. HP: 39/50 MP: 8/16
  1264 | D:4      | Learned a level 2 spell: Passwall
  1268 | D:4      | Learned a level 3 spell: Stone Arrow
  1273 | D:4      | Learned a level 4 spell: Petrify
  1459 | D:5      | Entered Level 5 of the Dungeon
  1485 | D:5      | Reached skill level 6 in Spellcasting
  1497 | D:5      | Found a burning altar of Makhleb.
  1588 | D:5      | Found a staircase to the Ecumenical Temple.
  1602 | Temple   | Entered the Ecumenical Temple
  2039 | Temple   | Became a worshipper of Gozag Ym Sagoz the Greedy
  2167 | D:5      | Reached XP level 8. HP: 57/57 MP: 15/19
  2277 | D:5      | Noticed Menkaure
  2281 | D:5      | Killed Menkaure
  2282 | D:5      | Reached skill level 7 in Spellcasting
  2472 | D:6      | Noticed Grinder
  2480 | D:6      | Killed Grinder
  2541 | D:7      | Noticed a hornet
  2546 | D:7      | Killed a hornet
  2547 | D:7      | Reached skill level 8 in Spellcasting
  2547 | D:7      | Gained mutation: You passively map the area around you.
                  | [Meteoran growth]
  2547 | D:7      | Reached XP level 9. HP: 45/62 MP: 16/22
  2637 | D:7      | Reached skill level 1 in Fighting
  2637 | D:7      | Reached skill level 1 in Conjurations
  3289 | D:8      | Noticed lunkers's ghost (novice MeAE)
  3291 | D:8      | Found a staircase to the Lair.
  3296 | D:8      | Reached skill level 9 in Spellcasting
  3299 | D:8      | Found a runed translucent door.
  3365 | Lair:1   | Entered Level 1 of the Lair of Beasts
  3390 | Lair:1   | Noticed a rime drake
  3395 | Lair:1   | Killed a rime drake
  3396 | Lair:1   | Reached skill level 5 in Conjurations
  3396 | Lair:1   | Reached XP level 10. HP: 55/77 MP: 15/24
  3399 | Lair:1   | Reached skill level 5 in Dodging
  3453 | Lair:1   | Learned a level 6 spell: Iron Shot
  3492 | Lair:1   | Reached skill level 10 in Spellcasting
  3497 | Lair:1   | Reached skill level 5 in Fighting
  3535 | Lair:1   | Noticed a cane toad
  3541 | Lair:1   | Killed a cane toad
  3549 | Lair:1   | Noticed a cane toad
  3555 | Lair:1   | Killed a cane toad
  3598 | Lair:1   | Noticed a komodo dragon
  3616 | Lair:1   | Killed a komodo dragon
  3617 | Lair:1   | Reached skill level 11 in Spellcasting
  3617 | Lair:1   | Reached XP level 11. HP: 36/89 MP: 8/27
  3631 | Lair:1   | Found a gate leading to a gauntlet.
  3646 | Gauntlet | Entered a Gauntlet
  3646 | Gauntlet | Found a transporter.
  3654 | Gauntlet | Found a transporter.
  3656 | Gauntlet | Found a transporter.
  3676 | Gauntlet | Paralysed by a hornet for 2 turns
  3682 | Gauntlet | HP: 1/91 [hornet (15)]
  3682 | Gauntlet | Slain by a hornet

Illustrated notes

Levels and vault maps discovered:
D:1:      co_arrival_square_in_a_square_in_a_square, layout_basic,
          nicolae_concentric_dashed_squares_wild
D:2:      layout_rooms, basic_altar, serial_shops, shop, uniq_natasha
D:3:      layout_basic, saegor_snake_ambush, uniq_sigmund
D:4:      layout_loops_cross
D:5:      layout_basic, makhleb_grotto_becter, minmay_temple_entry_large_hall,
          uniq_menkaure
D:6:      layout_gridville, uniq_blork_the_orc, uniq_grinder, uniq_eustachio
D:7:      layout_basic, kennysheep_orc_sif_temple
D:8:      layout_basic, lair_entry_dummy, hellmonk_ghost_happy_afterlife,
          uniq_maggie, uniq_pikel, uniq_grum
Temple:   mainiacjoe_temple_big_plus
Lair:1:   gammafunk_cloud_chamber, layout_cave_pods, gauntlet_entry_generic,
          chequers_serial_rivers_small_3, beast_lair_carwin_10,
          grunt_megastairs_3
Gauntlet: minmay_gauntlet_77_tree [minmay_gauntlet_arena_77_braids,
          minmay_gauntlet_arena_77_terracotta_army,
          minmay_gauntlet_arena_77_hold_the_fort,
          minmay_gauntlet_arena_77_block_sizes,
          minmay_gauntlet_arena_77_two_lines,
          minmay_gauntlet_arena_77_broken_ladder,
          minmay_gauntlet_arena_77_tiled_triplets,
          nicolae_gauntlet_exit_dead_adventurers]

Skill      XL: |  1  2  3  4  5  6  7  8  9 10 |
---------------+-------------------------------+-----
Earth Magic    | 4 5 6 7 9 |  9.4
Spellcasting   | 3 4 5 6 8 9 11 | 11.3
Fighting       | 3 6 |  6.6
Conjurations   | 5 6 |  6.0
Dodging        | 4 7 |  7.8
Stealth        | |  1.4
Transmutations | |  1.2

Action                   |  1- 3 |  4- 6 |  7- 9 | 10-12 || total
-------------------------+-------+-------+-------+-------++-------
Melee: Staff             |    11 |       |       |       ||    11
 Cast: Sandblast         |    30 |    42 |    78 |    44 ||   194
       Stone Arrow       |       |       |    10 |    19 ||    29
       Petrify           |       |       |     2 |       ||     2
  Use: Scroll            |       |       |    11 |     1 ||    12
Armor: Robe              |     7 |       |       |       ||     7
       Leather armour    |       |       |     4 |     6 ||    10
Dodge: Dodged            |     9 |     3 |     7 |    26 ||    45
Block: Buckler           |       |       |     2 |     1 ||     3

Table legend: (Time is in decaauts)
 A = Elapsed time spent in this place.
 B = Non-inter-level travel time spent in this place.
 C = Inter-level travel time spent in this place.
 D = Time resting spent in this place.
 E = Time spent auto-exploring this place.
 F = Levels seen in this place.
 G = Mean time per level.
                   A        B        C        D        E       F      G
               +--------+--------+--------+--------+--------+-----+--------+
         Total |   3800 |   3569 |    231 |      0 |   2568 |  11 |  345.5 |
       Dungeon |   2964 |   2821 |    143 |      0 |   2186 |   8 |  370.5 |
        Temple |    488 |    400 |     88 |      0 |    382 |   1 |  488.0 |
          Lair |    305 |    305 |      0 |      0 |      0 |   1 |  305.0 |
      Gauntlet |     42 |     42 |      0 |      0 |      0 |   1 |   42.0 |
               +--------+--------+--------+--------+--------+-----+--------+

Top non-repeatable levels by time:
     D:7: 763 daAuts
     D:3: 526 daAuts
  Temple: 488 daAuts
     D:4: 395 daAuts
     D:5: 372 daAuts
     D:2: 365 daAuts
  Lair:1: 305 daAuts
     D:1: 234 daAuts
     D:6: 223 daAuts
     D:8: 83 daAuts
Gauntlet: 42 daAuts
